 Seeded DCSS version 0.28.0-47-ge53b351184 (webtiles) character file.

Game seed: 11912921782358409186 (custom seed)

4627 NinjaNoafa the Fighter (level 10, -11/85 (90) HPs)
             Began as a Minotaur Fighter on May 3, 2022.
             Was a Priest of Ru.
             Mangled by a two-headed ogre
             ... wielding a +0 giant club
              (22 damage)
             ... on level 8 of the Dungeon.
             The game lasted 00:14:22 (6637 turns).

NinjaNoafa the Fighter (Minotaur Fighter)           Turns: 6637, Time: 00:14:23

HP:   -11/85 (90)   AC: 15    Str: 22    XL:     10   Next: 19%
MP:   9/9           EV: 10    Int:  5    God:    Ru [***...]
Gold: 419           SH:  0    Dex:  9    Spells: 9/9 levels left

rFire   + + .      SeeInvis +   n - +4 falchion (freeze)
rCold   + + .      Faith    .   (shield unavailable)
rNeg    . . .      Spirit   .   r - +2 scale mail {rF+}
rPois   .          Reflect  .   (helmet restricted)
rElec   .          Harm     .   l - +0 cloak
rCorr   .          Rampage  .   (no gloves)
Will    .....                   c - +2 pair of boots
Stlth   ..........              y - amulet of regeneration
HPRegen 1.04/turn               (ring unavailable)
MPRegen 0.11/turn               h - ring "Isaufaeq" {rF+ rC++ Str-2 Slay+3 SInv}

@: mighty, exhausted, drained
A: horns 2, missing a hand, retaliatory headbutt, hooves 1, clumsy 1, subdued
magic 1
a: Renounce Religion, Draw Out Power


You were on level 8 of the Dungeon.
You worshipped Ru.
Ru was most pleased with you.
You visited 2 branches of the dungeon, and saw 9 of its levels.

You collected 419 gold pieces.

Inventory:

Hand Weapons
 b - a +4 whip
 n - a +4 falchion of freezing (weapon)
 t - a +2 flail of protection
 v - a +4 war axe
Missiles
 e - 7 boomerangs
 k - 5 poisoned darts
 p - 4 javelins (quivered)
Armour
 c - a +2 pair of boots (worn)
 l - a +0 cloak (worn)
 r - a +2 scale mail of fire resistance (worn)
Jewellery
 d - a ring of protection from fire
 h - the ring "Isaufaeq" (right hand) {rF+ rC++ Str-2 Slay+3 SInv}
   (You acquired it on level 1 of the Dungeon)

   [ring of protection from fire]

   Str:       It affects your strength (-2).
   Slay:      It affects your accuracy & damage with ranged weapons and melee
   (+3).
   rF:        It protects you from fire.
   rC:        It greatly protects you from cold.
   SInv:      It lets you see invisible.
 j - a ring of positive energy
 w - an amulet of reflection
 y - an amulet of regeneration (around neck)
 A - a ring of poison resistance
 B - a +6 ring of dexterity
Wands
 s - a wand of flame (11)
 u - a wand of polymorph (12)
Scrolls
 a - a scroll of teleportation
 f - 2 scrolls of silence
 g - 2 scrolls of vulnerability
 i - 2 scrolls of amnesia
 x - a scroll of holy word
Potions
 q - 2 potions of brilliance
 C - 2 potions of attraction
 D - 2 potions of curing


   Skills:
 - Level 8.9 Fighting
 - Level 6.2(7.7) Axes
 - Level 7.2(8.2) Maces & Flails
 - Level 8.9 Armour
 + Level 4.6 Evocations


You had 9 spell levels left.
You didn't know any spells.
Your spell library contained the following spells:

 Spells                   Type           Power      Damage    Failure   Level
 Scorch                   Fire           0%         2d5       86%         2
 Conjure Flame            Conj/Fire      0%         6-21      98%         3
 Ignite Poison            Fire/Tmut/Pois 0%         N/A       98%         3
 Flame Wave               Conj/Fire      0%         2d4       100%        4
 Sticky Flame             Conj/Fire      0%         2d3       100%        4
 Summon Cactus Giant      Summ           0%         N/A       100%        6


Dungeon Overview and Level Annotations

Branches:
Dungeon (8/15)             Temple (1/1) D:5
   Lair: D:8-11

Altars:
Ashenzari
Cheibriados
Dithmenos
Elyvilon
Fedhas
Gozag
Hepliaklqana
Kikubaaqudgha
Makhleb
Nemelex Xobeh
Okawaru
Qazlal
Ru
Sif Muna
Trog
Uskayaw
Vehumet
Wu Jian
Xom
Yredelemnul
Zin
The Shining One

Annotations:
D:2 1 runed translucent door, Crazy Yiuf


Innate Abilities, Weirdness & Mutations

You have a pair of horns on your head.
You are missing a hand.
You reflexively headbutt those who attack you in melee.
You have large cloven feet.
You are clumsy. (Dex -2)
Your spells are a little easier to cast, but a little less powerful.


Message History

The orc is stunned by your conviction and fails to attack.
The orc hits you but does no damage. The two-headed ogre closely misses you.
The two-headed ogre hits you with a +0 giant club.
You hit the two-headed ogre but do no damage.
The two-headed ogre is moderately wounded.
The orc hits you but does no damage. The orc barely misses you.
The two-headed ogre hits you with a +0 giant club!
The two-headed ogre closely misses you.
You slash the two-headed ogre! You freeze the two-headed ogre.
You headbutt the two-headed ogre!
The two-headed ogre is severely wounded.
The orc hits you but does no damage. x2
The two-headed ogre hits you with a +0 giant club!!
* * * LOW HITPOINT WARNING * * *
The two-headed ogre hits you with a +0 giant club!
* * * LOW HITPOINT WARNING * * *
You are restored by drawing out deep reserves of power within.
You feel drained. The orc closely misses you.
The orc hits you but does no damage.
You closely miss the two-headed ogre. You headbutt the two-headed ogre.
The two-headed ogre is severely wounded.
The orc barely misses you. The orc hits you with a +0 flail.
The two-headed ogre barely misses you.
The two-headed ogre hits you with a +0 giant club!
* * * LOW HITPOINT WARNING * * *
The orc wizard mumbles some strange words.
The orc wizard flickers and vanishes for a moment.
The orc hits you but does no damage. x2
The orc hits you but does no damage.
Okay, then.
You feel much better.
The two-headed ogre hits you with a +0 giant club!!
* * * LOW HITPOINT WARNING * * *
The two-headed ogre hits you with a +0 giant club!
* * * LOW HITPOINT WARNING * * *
The orc hits you but does no damage.
You feel very mighty all of a sudden.
The two-headed ogre completely misses you.
The two-headed ogre hits you with a +0 giant club!!
You die...

........##.....##
##[.####..#
.......####...##
##..## #..#
..(..### #...#
#..## #..# .....#
##...## ##.##
#..# #..###
##.....## #.###
#### ####
##..###..##.#
##..## ##....# #
###..## ##...#
.####...## ##@o.#
........## #oOo.#
.........# #o.###
....###...# #..o#
...##
###....#...# ..##
##..###.. ..# ..#
... .)### .# ...
# ....##### ....
##


You could see a two-headed ogre, an orc wizard (invisible) and 4 orcs.

Vanquished Creatures
  Prince Ribbit (D:5)
  Grinder (D:5)
  Sigmund (D:2)
  5 yaks (D:7)
  Eustachio (D:5)
  A wyvern (D:4)
  Menkaure (D:5)
  A water moccasin (D:7)
  4 ice beasts
  2 ogres
  A centaur (D:5)
  Blork the orc (D:4)
  A wyvern zombie (D:5)
  A bullfrog (D:7)
  A water moccasin zombie (D:3)
  A water moccasin skeleton (D:6)
  13 killer bees
  A howler monkey (D:6)
  4 wights (D:8)
  2 jellies
  2 centaur zombies
  3 orc priests
  A gnoll shaman (D:4)
  5 hounds
  2 iguanas
  Ijyb (D:4)
  5 orc wizards
  A hound skeleton (D:4)
  A howler monkey zombie (D:5)
  Robin (D:3)
  6 gnolls (D:4)
  6 adders
  A white imp (D:7)
  2 ufetubi
  A worm (D:3)
  2 dart slugs
  23 orcs
  4 ball pythons
  8 endoplasms
  6 giant cockroaches
  18 goblins
  12 hobgoblins
  3 jackals (D:3)
  6 kobolds
  3 quokkas
  10 bats
  12 rats
189 creatures vanquished.

Vanquished Creatures (collateral kills)
  Psyche (D:8)
1 creature vanquished.

Vanquished Creatures (others)
  15 plants (D:6)
15 creatures vanquished.

Grand Total: 205 creatures vanquished

Notes
Turn   | Place    | Note
-------+----------+-------------------------------------------
     0 | D:1      | NinjaNoafa the Minotaur Fighter began the quest for the
                  | Orb.
     0 | D:1      | Reached XP level 1. HP: 19/19 MP: 0/0
    95 | D:1      | Reached XP level 2. HP: 18/27 MP: 1/1
   371 | D:1      | Identified a scroll of acquirement
   383 | D:1      | Acquired the ring "Isaufaeq" {rF+ rC++ Str-2 Slay+3 SInv}
   520 | D:1      | Found a faded altar of an unknown god.
   663 | D:2      | Reached XP level 3. HP: 33/33 MP: 2/2
   896 | D:2      | Noticed Sigmund
   917 | D:2      | Killed Sigmund
   918 | D:2      | Reached XP level 4. HP: 40/41 MP: 3/3
   918 | D:2      | Reached XP level 5. HP: 47/47 MP: 4/4
  1129 | D:2      | Reached skill level 5 in Shields
  1284 | D:2      | Found a shadowy altar of Dithmenos.
  1289 | D:2      | Reached skill level 5 in Fighting
  1482 | D:2      | Found a runed translucent door.
  1483 | D:2      | Noticed Crazy Yiuf
  1582 | D:3      | Reached skill level 5 in Armour
  1685 | D:3      | Noticed an ice beast
  1692 | D:3      | Killed an ice beast
  1693 | D:3      | Reached XP level 6. HP: 36/56 MP: 5/5
  1913 | D:3      | Noticed Robin
  1927 | D:3      | Killed Robin
  2002 | D:3      | Noticed an ice beast
  2006 | D:3      | Killed an ice beast
  2088 | D:3      | Reached skill level 5 in Axes
  2088 | D:3      | Reached XP level 7. HP: 61/62 MP: 6/6
  2688 | D:4      | Found an ancient bone altar of Kikubaaqudgha.
  2763 | D:4      | Noticed a wyvern
  2779 | D:4      | HP: 3/63 [wyvern (2)]
  2781 | D:4      | Killed a wyvern
  3163 | D:4      | Noticed Blork the orc
  3170 | D:4      | Killed Blork the orc
  3192 | D:4      | Reached XP level 8. HP: 66/71 MP: 7/7
  3476 | D:4      | Noticed Ijyb
  3483 | D:4      | Killed Ijyb
  3687 | D:5      | Entered Level 5 of the Dungeon
  3718 | D:5      | Noticed Eustachio
  3736 | D:5      | Killed Eustachio
  3925 | D:5      | Noticed Grinder
  3937 | D:5      | Killed Grinder
  4067 | D:5      | Noticed Prince Ribbit
  4086 | D:5      | Killed Prince Ribbit
  4087 | D:5      | Reached skill level 5 in Maces & Flails
  4244 | D:5      | Found a staircase to the Ecumenical Temple.
  4271 | Temple   | Entered the Ecumenical Temple
  4450 | Temple   | Became a worshipper of Ru the Awakened
  4526 | D:5      | Noticed Menkaure
  4531 | D:5      | Reached XP level 9. HP: 66/79 MP: 8/8
  4538 | D:5      | Killed Menkaure
  5700 | D:7      | Gained mutation: You are missing a hand. [Ru sacrifice]
  5700 | D:7      | Reached * piety under Ru
  5700 | D:7      | Reached ** piety under Ru
  5700 | D:7      | Reached *** piety under Ru
  5783 | D:7      | Reached skill level 1 in Evocations
  5874 | D:7      | Reached XP level 10. HP: 90/90 MP: 9/9
  6303 | D:8      | Noticed Psyche
  6306 | D:8      | Gained mutation: Your spells are a little easier to cast,
                  | but a little less powerful. [potion of mutation]
  6306 | D:8      | Gained mutation: You have large cloven feet. [potion of
                  | mutation]
  6306 | D:8      | Gained mutation: You are clumsy. (Dex -2) [potion of
                  | mutation]
  6310 | D:8      | Killed Psyche
  6625 | D:8      | Noticed a two-headed ogre
  6637 | D:8      | Mangled by a two-headed ogre

Illustrated notes

Levels and vault maps discovered:
D:1:      roderic_dead_forest, layout_basic,
          shapermc_ecumenical_altar_mp_urbaneastern,
          kennysheep_decorative_pillar
D:2:      layout_basic, basic_altar, minmay_strange_pillars,
          minmay_misc_feat_four_crosses, hex_tiny, kennysheep_generic_room_10,
          uniq_sigmund, uniq_crazy_yiuf_cottage
D:3:      layout_loops_ring, uniq_robin
D:4:      layout_basic, amcnicky_altar_gilded, hangedman_decor_peaks_small,
          uniq_ijyb, uniq_blork_the_orc
D:5:      layout_rooms, minmay_temple_entry_antechambers, uniq_menkaure,
          uniq_prince_ribbit1, uniq_eustachio, uniq_grinder
D:6:      layout_layer_cave, serial_bayou_lagoon_a
D:7:      layout_rooms
D:8:      layout_layer_cave, hangedman_decor_slide_cut, uniq_psyche
Temple:   kilobyte_greek_temple

Skill      XL: |  1  2  3  4  5  6  7  8  9 10 |
---------------+-------------------------------+-----
Fighting       | 4 5 6 7 8 |  8.9
Armour         | 4 5 6 7 8 |  8.9
Shields        | 4 5 6 7 0 |  0.0
Axes           | 3 4 5 6 |  6.2
Maces & Flails | 5 7 |  7.2
Evocations     | 2 4 |  4.6

Action                   |  1- 3 |  4- 6 |  7- 9 | 10-12 || total
-------------------------+-------+-------+-------+-------++-------
Melee: War axe           |    44 |    49 |    85 |       ||   178
       Headbutt          |     3 |     6 |    39 |     6 ||    54
       Flail             |       |       |   128 |    31 ||   159
       Whip              |       |       |     1 |       ||     1
       Falchion          |       |       |       |     7 ||     7
Throw: Boomerang         |    30 |       |     5 |       ||    35
       Dart              |     6 |       |     6 |       ||    12
Invok: Sacrifice a Hand  |       |       |     1 |       ||     1
       Draw Out Power    |       |       |       |     1 ||     1
Evoke: Wand              |       |       |     3 |     5 ||     8
  Use: Scroll            |     8 |     2 |     5 |     1 ||    16
       Potion            |     4 |     1 |     4 |     4 ||    13
Armor: Scale mail        |    27 |    33 |   122 |    31 ||   213
       Skin              |    11 |       |       |       ||    11
       Chain mail        |       |       |    52 |       ||    52
Dodge: Dodged            |    34 |    27 |   138 |    33 ||   232
Block: Buckler           |    24 |    17 |    99 |       ||   140
